 Dungeon Crawl Stone Soup version 0.19.0 (webtiles) character file.

1702 Ryco the Cleaver (level 8, -2/69 HPs)
             Began as a Minotaur Fighter on Nov 21, 2016.
             Was a Follower of Okawaru.
             Killed by divine providence
             ... invoked by an orc priest
              (16 damage)
             ... on level 6 of the Dungeon.
             The game lasted 00:11:58 (1815 turns).

Ryco the Cleaver (Minotaur Fighter)                 Turns: 1815, Time: 00:11:59

Health: -2/69      AC: 13    Str: 24    XL:     8   Next: 73%
Magic:  5/7        EV: 10    Int:  5    God:    Okawaru [*.....]
Gold:   174        SH: 12    Dex:  9    Spells: 0 memorised, 7 levels left

rFire  + + .     SeeInvis +     a - +0 war axe
rCold  . . .     Gourm    .     p - +0 chain mail
rNeg   . . .     Faith    .     c - +0 shield
rPois  .         Spirit   .     (helmet restricted)
rElec  .         Reflect  .     (no cloak)
rCorr  .         Harm     .     (no gloves)
MR     .....                    t - +0 pair of boots (curse)
Stlth  ..........               y - amulet of Conformity {rF+ Regen+ SInv}
                                (no ring)
                                s - ring of protection from fire

@: heroism
A: retaliatory headbutt, horns 2
a: Heroism, Renounce Religion


You were on level 6 of the Dungeon.
You worshipped Okawaru.
Okawaru was aware of your devotion.
You were hungry.

You visited 2 branches of the dungeon, and saw 7 of its levels.

You collected 174 gold pieces.

Inventory:

Hand Weapons
 a - a +0 war axe (weapon)
 D - a -2 eveningstar
Missiles
 n - 51 bolts
Armour
 b - a +0 scale mail
 c - a +0 shield (worn)
 p - a +0 chain mail (worn)
 t - a cursed +0 pair of boots (worn)
Jewellery
 s - a ring of protection from fire (left hand)
 y - the amulet of Conformity (around neck) {rF+ Regen+ SInv}
   (You found it on level 5 of the Dungeon)

   [amulet of regeneration]

   It protects you from fire.
   It lets you see invisible.
   It increases your rate of regeneration.
Wands
 d - a wand of flame (30/48)
Scrolls
 e - a scroll of random uselessness {unknown}
 m - a scroll of amnesia
 o - a scroll of immolation
 r - a scroll of teleportation {unknown}
 u - a scroll of remove curse {unknown}
 v - a scroll of enchant weapon {unknown}
 A - a scroll of summoning {unknown}
 B - a scroll of identify {unknown}
 C - a scroll of enchant armour {unknown}
 G - a scroll of magic mapping {unknown}
Potions
 g - 3 potions of beneficial mutation {unknown}
 h - a potion of heal wounds {unknown}
 i - a potion of ambrosia {unknown}
 k - 2 potions of brilliance {unknown}
 l - 2 potions of degeneration {unknown}
 w - a potion of lignification {unknown}
 x - 2 potions of flight {unknown}
 z - 2 potions of invisibility {unknown}
Comestibles
 f - 4 bread rations
 q - a beef jerky
 E - a meat ration
 F - 3 fruits


   Skills:
 + Level 5.6(10.6) Fighting
 * Level 10.7(15.7) Axes
 + Level 5.7(10.7) Armour
 + Level 6.2(11.2) Shields
 * Level 1.0 Invocations


You had 7 spell levels left.
You didn't know any spells.

Dungeon Overview and Level Annotations

Branches:
Dungeon (6/15)             Temple (1/1) D:4

Altars:
Ashenzari
Cheibriados
Dithmenos
Elyvilon
Fedhas
Hepliaklqana
Nemelex Xobeh
Okawaru
Qazlal
Ru
Trog
Vehumet
Xom
Yredelemnul
Zin
The Shining One

Shops:
D:5 (


Innate Abilities, Weirdness & Mutations

You reflexively headbutt those who attack you in melee.
You have a pair of horns on your head.


Message History

You slash the orc warrior!
You kill the orc warrior!
Okawaru accepts your kill.
Your Invocations skill increases to level 1!
You slash the orc!
You kill the orc!
Okawaru accepts your kill. You block the gnoll's attack. x2
Things that are here:
a trident; a plate armour You hit the crimson imp but do no damage.
Your headbutt misses the crimson imp.
The gnoll hits you from afar with a spear.
* * * LOW HITPOINT WARNING * * *
The gnoll barely misses you. The crimson imp barely misses you.
Unknown command.
You miss the crimson imp.
The orc priest mumbles some strange prayers to Beogh against you.
Beogh smites you!
You die...

#..............#
#..............+
######..............####
#.......#####...........
#.......#...#...........
#.......#...#...........
#.......#.o.+...........
#.......#g.<#...........
#......@5g..##+#####....
#.......#o........ #....
#########......... #....
#....##.... #.... #....#
... #.... #..... ..
#.... #...... #####
#....##o +....# o.


You could see 2 orc priests, 2 gnolls and a crimson imp.

Vanquished Creatures
  The ghost of Softman25 the Basher, a novice GrMo (D:4)
  Duvessa (D:5)
  An orc warrior (D:6)
  A phantom (D:5)
  An ogre (D:4)
  A centaur (D:5)
  Blork the orc (D:5)
  Dowan (D:5)
  5 scorpions (D:5)
  A howler monkey (D:5)
  A crimson imp (D:3)
  2 bullfrog skeletons
  4 orc priests
  An iguana (D:4)
  3 orc wizards
  2 worker ants
  6 gnolls
  9 adders
  2 oozes
  An adder skeleton (D:4)
  2 worms
  3 dart slugs
  2 leopard geckos
  18 orcs
  7 bats
  3 giant cockroaches (D:1)
  4 goblins
  3 hobgoblins
  2 quokkas (D:4)
  A ball python (D:2)
  4 frilled lizards
  4 kobolds
  2 quokka zombies (D:5)
  3 rats
  2 fungi (D:5)
105 creatures vanquished.

Vanquished Creatures (others)
  2 fungi (D:5)
2 creatures vanquished.

Grand Total: 107 creatures vanquished

Notes
Turn   | Place    | Note
-------+----------+-------------------------------------------
     0 | D:1      | Ryco the Minotaur Fighter began the quest for the Orb.
     0 | D:1      | Reached XP level 1. HP: 19/19 MP: 0/0
   119 | D:1      | Found a shattered altar of Ashenzari.
   124 | D:1      | Reached XP level 2. HP: 24/27 MP: 1/1
   323 | D:2      | Found a stormy altar of Qazlal.
   330 | D:2      | Reached skill level 3 in Axes
   357 | D:2      | Reached XP level 3. HP: 25/33 MP: 2/2
   467 | D:3      | Reached XP level 4. HP: 40/40 MP: 3/3
   469 | D:3      | Reached skill level 4 in Axes
   722 | D:4      | Reached skill level 5 in Axes
   722 | D:4      | Reached XP level 5. HP: 40/46 MP: 4/4
   796 | D:4      | Reached skill level 6 in Axes
   868 | D:4      | Reached XP level 6. HP: 46/52 MP: 5/5
   877 | D:5      | Entered Level 5 of the Dungeon
   934 | D:5      | Noticed Duvessa
   934 | D:5      | Noticed Dowan
   946 | D:5      | Killed Duvessa
   946 | D:5      | Reached skill level 7 in Axes
   953 | D:5      | Killed Dowan
   953 | D:5      | Reached skill level 5 in Shields
   982 | D:5      | Reached XP level 7. HP: 51/60 MP: 6/6
  1069 | D:4      | Reached skill level 8 in Axes
  1110 | D:4      | Found a staircase to the Ecumenical Temple.
  1112 | D:4      | Noticed Softman25's ghost (novice GrMo)
  1122 | Temple   | Entered the Ecumenical Temple
  1167 | Temple   | Became a worshipper of Warmaster Okawaru
  1238 | D:4      | Killed Softman25's ghost
  1238 | D:4      | Reached skill level 5 in Fighting
  1238 | D:4      | Reached skill level 9 in Axes
  1320 | D:5      | Got an ancient steel amulet
  1331 | D:5      | Reached skill level 5 in Armour
  1331 | D:5      | Reached XP level 8. HP: 54/68 MP: 7/7
  1388 | D:5      | Found a sparkling altar of Nemelex Xobeh.
  1399 | D:5      | Noticed Blork the orc
  1436 | D:5      | Killed Blork the orc
  1436 | D:5      | Reached * piety under Okawaru
  1446 | D:5      | Identified the amulet of Conformity {rF+ Regen+ SInv} (You found it on level 5 of the Dungeon)
  1468 | D:5      | Found Xytyxul's Antique Weapon Shoppe.
  1528 | D:5      | Reached skill level 10 in Axes
  1812 | D:6      | Reached skill level 1 in Invocations
  1815 | D:6      | Killed from afar by an orc priest

Skill      XL: |  1  2  3  4  5  6  7  8 |
---------------+-------------------------+-----
Shields        | 4 5 6 |  6.2
Axes           | 3 5 6 7 9 10 | 10.7
Fighting       | 4 5 |  5.6
Armour         | 4 5 |  5.7
Invocations    | 1 |  1.0

Action                   |  1- 3 |  4- 6 |  7- 9 || total
-------------------------+-------+-------+-------++-------
Melee: War axe           |    58 |   102 |   134 ||   294
       Headbutt          |     4 |    16 |    23 ||    43
Invok: Heroism           |       |       |     1 ||     1
  Use: Potion            |       |       |     5 ||     5
       Scroll            |       |       |     2 ||     2
 Stab: Held in net/web   |       |       |     1 ||     1
  Eat: Chunk             |       |     1 |       ||     1
       Royal jelly       |       |       |     1 ||     1
Armor: Scale mail        |    25 |     2 |       ||    27
       Chain mail        |       |    53 |    69 ||   122
Dodge: Dodged            |    18 |    35 |    40 ||    93
Block: Shield            |    30 |    83 |    81 ||   194
